 Dungeon Crawl Stone Soup version 0.29.0-3-gbb0933ed62 (webtiles) character file.

Game seed: 16237288807583887711

150 wingedge the Trooper (level 5, -2/28 HPs)
             Began as a Vine Stalker Chaos Knight on Aug 25, 2022.
             Was a Plaything of Xom.
             Slain by Sigmund
             ... wielding a +0 scythe
              (6 damage)
             ... on level 4 of the Dungeon.
             The game lasted 00:15:44 (2068 turns).

wingedge the Trooper (Vine Stalker Chaos Knight)    Turns: 2068, Time: 00:15:44

Health: -2/28      AC:  8    Str: 16    XL:     5   Next: 32%
Magic:  0/6        EV: 10    Int: 12    God:    Xom [..*...]
Gold:   18         SH:  0    Dex: 14    Spells: 4/4 levels left

rFire   . . .      SeeInvis .   d - +2 mace (drain)
rCold   . . .      Faith    .   (no shield)
rNeg    . . .      Spirit   +   p - +0 scale mail
rPois   .          Reflect  .   (no helmet)
rElec   .          Harm     .   (no cloak)
rCorr   .          Rampage  .   s - +0 pair of gloves
Will    .....                   h - +0 pair of boots
Stlth   +.........              (no amulet)
HPRegen 0.89/turn               r - ring of flight
MPRegen 0.10/turn               (no ring)

@: flying
A: fangs 2, regeneration 1, magic shield, antimagic bite, no potion heal 2
a: Renounce Religion


You were on level 4 of the Dungeon.
You worshipped Xom.
You were a toy of Xom.
You visited 1 branch of the dungeon, and saw 4 of its levels.

You collected 76 gold pieces.
You spent 58 gold pieces at shops.

Inventory:

Hand Weapons
 a - a +0 spear of chaos
 d - a +2 mace of draining (weapon)
 m - a +6 club
Missiles
 f - 14 stones
 q - a curare-tipped dart (quivered)
Armour
 b - a +2 leather armour
 h - a +0 pair of boots (worn)
 p - a +0 scale mail (worn)
 s - a +0 pair of gloves (worn)
 t - a +0 chain mail
Jewellery
 r - a ring of flight (left hand)
Scrolls
 l - a scroll of vulnerability {unknown}
 n - a scroll of identify
 o - 2 scrolls of noise
Potions
 e - a potion of attraction {unknown}
 g - 2 potions of heal wounds
 j - 2 potions of curing {unknown}
 k - 2 potions of magic {unknown}
 u - a potion of might {unknown}
Miscellaneous
 c - a piece from Xom's chessboard (15/15)


   Skills:
 - Level 3.0 Fighting
 + Level 2.4 Maces & Flails
 - Level 2.6 Polearms
 - Level 2.0 Armour
 - Level 2.0 Dodging
 - Level 3.0 Stealth


You had 4 spell levels left.
You didn't know any spells.
Your spell library was empty.

Dungeon Overview and Level Annotations

Branches:
Dungeon (3/15)

Altars:

Shops:
D:2 [

Annotations:
D:4 Sigmund


Innate Abilities, Weirdness & Mutations

You have extremely sharp teeth.
Your natural rate of healing is unusually fast.
When hurt, damage is shared between your health and your magic reserves.
Your bite disrupts and absorbs the magic of your enemies.
Potions cannot restore your health.


Message History

Your quasit bites the gnoll.
Your quasit closely misses the gnoll.
Your quasit barely misses the gnoll.
The gnoll completely misses you.
Your quasit bites the gnoll but does no damage.
Your quasit barely misses the gnoll.
Your quasit claws the gnoll but does no damage.
The gnoll hits you but does no damage. The gnoll misses you.
Unknown command.
Unknown command.
You hit the gnoll. You drain the gnoll.
You kill the gnoll!
A magic dart appears from out of thin air!
The magic dart hits your quasit. The gnoll hits you but does no damage.
Something hits you but does no damage.
Unknown command.
Unknown command.
Unknown command.
You hit the gnoll but do no damage. You bite the gnoll, but do no damage.
The gnoll closely misses you.
Your quasit barely misses the gnoll.
Your quasit claws the gnoll but does no damage.
Your quasit barely misses the gnoll.
Unknown command.
Unknown command.
You hit the gnoll.
The gnoll is moderately wounded.
Your quasit misses the gnoll.
Your quasit claws the gnoll but does no damage.
Your quasit misses the gnoll. Something hits you.
* * * LOW HITPOINT WARNING * * *
The gnoll hits you with a +0 flail.
* * * LOW HITPOINT WARNING * * *
Your quasit bites the gnoll.
Your quasit claws the gnoll.
Your quasit barely misses the gnoll.
Unknown command.
You barely miss the gnoll. You bite the gnoll, but do no damage.
The gnoll is heavily wounded.
The gnoll misses you.
Your quasit bites the gnoll.
Your quasit claws the gnoll but does no damage.
Your quasit completely misses the gnoll.
Something hits you.
You die...

##### #°§.#
#..°# #○5@#
#.)g# #...#
#..°.......
###(.......
#(○....$.
#○☼......
#........
#........


You could see a gnoll (ally target) and a friendly quasit (summoned).

Vanquished Creatures
  A gnoll bouda (D:4)
  Jessica (D:2)
  Terence (D:2)
  A gnoll (D:4)
  2 adders (D:2)
  A dart slug (D:2)
  4 bats
  An endoplasm (D:2)
  A giant cockroach (D:2)
  2 goblins
  2 hobgoblins
  8 jackals
  A quokka (D:1)
  2 ball pythons
  5 frilled lizards
  2 kobolds
  5 rats
40 creatures vanquished.

Vanquished Creatures (collateral kills)
  A goblin (D:4)
1 creature vanquished.

Vanquished Creatures (others)
  A gnoll (D:4)
1 creature vanquished.

Grand Total: 42 creatures vanquished

Notes
Turn   | Place    | Note
-------+----------+-------------------------------------------
     0 | D:1      | wingedge the Vine Stalker Chaos Knight began the quest for
                  | the Orb.
     0 | D:1      | Reached XP level 1. HP: 11/11 MP: 2/2
   330 | D:1      | XOM: silly message
   344 | D:1      | Found a faded altar of an unknown god.
   628 | D:1      | Reached XP level 2. HP: 16/16 MP: 3/3
   641 | D:1      | XOM: potion effect (might)
   643 | D:1      | Reached skill level 1 in Maces & Flails
   678 | D:1      | XOM: silly message
  1019 | D:2      | Noticed Jessica
  1025 | D:2      | Killed Jessica
  1026 | D:2      | Reached skill level 1 in Dodging
  1026 | D:2      | Reached skill level 1 in Stealth
  1026 | D:2      | Reached XP level 3. HP: 17/20 MP: 4/4
  1192 | D:2      | Gained mutation: Your natural rate of healing is unusually
                  | fast. [Vine Stalker growth]
  1192 | D:2      | Reached XP level 4. HP: 24/24 MP: 5/5
  1203 | D:2      | Found Zesh's Armour Boutique.
  1284 | D:2      | Noticed Terence
  1290 | D:2      | Killed Terence
  1308 | D:2      | XOM: divination: magic mapping
  1802 | D:2      | Bought a +0 pair of gloves for 58 gold pieces
  2043 | D:3      | You are sucked into a shaft and drop 1 floor!
  2049 | D:4      | Noticed Sigmund
  2051 | D:4      | XOM: enchant monster (good)
  2052 | D:4      | Reached XP level 5. HP: 28/28 MP: 4/6
  2052 | D:4      | XOM: summons 2 friendly demons
  2053 | D:4      | XOM: butterfly on damage
  2055 | D:4      | XOM: enchant monster (good)
  2068 | D:4      | Slain by Sigmund

Illustrated notes

Levels and vault maps discovered:
D:1:      eino_arrival_cavern_b, layout_loops_ring,
          dreamdust_ecumenical_altar_hidden_monk_grotto,
          chequers_hall_statues_wall_a, minmay_3d_cube
D:2:      minmay_wonky_spiral, layout_loops_ring, serial_shops,
          nicolae_lakefront_shop, uniq_terence, uniq_jessica
D:3:      layout_basic
D:4:      layout_basic, chequers_temple_overflow_statue_of_worship,
          minmay_temple_entry_junction, uniq_ijyb, uniq_sigmund, uniq_pikel

Skill      XL: |  1  2  3  4 |
---------------+-------------+-----
Fighting       | 3 |  3.0
Maces & Flails | 2 |  2.4
Dodging        | 1 2 |  2.0
Armour         | 2 |  2.0
Stealth        | 1 3 |  3.0
Polearms       | |  2.6

Action                   |  1- 3 |  4- 6 || total
-------------------------+-------+-------++-------
Melee: Mace              |    40 |    46 ||    86
       Bite              |     7 |     8 ||    15
Throw: Stone             |     8 |     2 ||    10
       Dart              |       |     4 ||     4
Evoke: Piece from Xom's  |     4 |       ||     4
  Use: Scroll            |       |     4 ||     4
 Stab: Sleeping          |       |     1 ||     1
Armor: Leather armour    |    15 |     1 ||    16
       Scale mail        |       |    24 ||    24
Dodge: Dodged            |    17 |    26 ||    43
